Map: Eternal Empire LE

Players

JohnnyV

  • Race: Terran Terran
  • Spawn Location: 1:00

gilbert - Winner!

  • Race: Protoss Protoss
  • League: Gold
  • Spawn Location: 7:00

VOD

Have the link to the VOD?

Description

Time

  • Played on: April 29, 2020, 11:09 a.m.
  • Length: 5:12
Show
View Real Time Build Order
Export as new Build Order

JohnnyV Terran 

Build Orders:  

Get SALT Encoding   

  12  0:04  SCV  
  13  0:20  Supply Depot  
  13  0:22  SCV  
  13  0:27  Refinery  
  14  0:34  SCV  
  15  0:45  Barracks  
  15  0:48  SCV  
  16  1:00  SCV  
  17  1:14  SCV  
  18  1:26  SCV  
  19  1:35  Bunker  
  19  1:37  Marine  
  20  1:42  Factory  
  20  1:43  Orbital Command  
  20  1:54  Marine  
  21  2:03  Refinery  
  21  2:12  Marine  
  22  2:29  Command Center  
  22  2:33  Marine  
  23  2:58  Supply Depot  
  23  3:08  Supply Depot  
  23  3:13  SCV, Barracks Reactor  
  23  3:22  Supply Depot  
  23  3:25  Widow Mine  
  25  3:34  Starport  
  25  3:49  Orbital Command  
  25  3:52  Refinery  
  25  4:00  Barracks Reactor  
  25  4:08  Engineering Bay  
  25  4:09  Engineering Bay  
  25  4:11  SCV  
  26  4:17  SCV  
  27  4:30  Medivac  
  29  4:35  SCV, Widow Mine  
  32  4:43  Marine x2  
  34  4:50  Widow Mine  
Show
View Real Time Build Order
Export as new Build Order

gilbert Protoss - Winner!

Build Orders: 1 Gate Expand 

Get SALT Encoding   

  12  0:01  Probe  
  13  0:13  Probe  
  14  0:19  Pylon  
  14  0:25  Probe  
  15  0:37  Probe (Chrono Boost)  
  15  0:38  Gateway  
  16  0:46  Assimilator  
  16  0:49  Probe (Chrono Boost)  
  17  0:57  Probe (Chrono Boost)  
  17  1:03  Probe  
  19  1:23  Nexus  
  19  1:31  Cybernetics Core  
  19  1:37  Assimilator  
  19  1:39  Probe  
  20  1:49  Pylon  
  20  1:51  Probe  
  21  1:58  Warp Gate  
  21  2:03  Probe  
  21  2:05  Stalker (Chrono Boost)  
  24  2:15  Probe  
  25  2:23  Robotics Facility  
  25  2:28  Probe  
  26  2:33  Stalker  
  26  2:37  Probe  
  29  2:45  Probe  
  30  2:52  Pylon  
  30  2:53  Probe  
  30  2:57  Probe  
  32  3:05  Probe  
  32  3:06  Stalker  
  32  3:09  Probe  
  32  3:12  Observer (Chrono Boost)  
  37  3:18  Probe  
  38  3:21  Probe  
  38  3:26  Immortal (Chrono Boost)  
  39  3:30  Probe  
  44  3:38  Gateway  
  44  3:39  Probe  
  45  3:43  Assimilator  
  45  3:44  Probe  
  46  3:49  Pylon  
  46  3:53  Stalker  
  46  3:55  Probe  
  49  4:07  Immortal  
  53  4:20  Stalker  
  53  4:22  Probe x2  
  57  4:25  Assimilator  
  57  4:28  Pylon  
  57  4:37  Robotics Bay  
  57  4:40  Probe x2, Twilight Council  
Tags
 
Add a new tag
Caveats
  • Supply blocks, unpowered buildings, or Contaminate may cause inaccurate times.
  • Supply counts are checked every 10 seconds.